 Seeded DCSS version 0.30.1-11-g7821555f0a (webtiles) character file.

Game seed: 5 (custom seed)

149 Kazon the Trooper (level 5, -2/42 HPs)
             Began as a Human Fighter on Dec 3, 2023.
             Was an Initiate of Okawaru.
             Slain by a black bear (4 damage)
             ... on level 4 of the Dungeon on Dec 4, 2023.
             The game lasted 00:10:32 (2182 turns).

Kazon the Trooper (Human Fighter)                   Turns: 2182, Time: 00:10:33

Health: -2/42      AC:  8    Str: 18    XL:     5   Next: 56%
Magic:  14/14      EV:  9    Int:  8    God:    Okawaru [......]
Gold:   183        SH:  0    Dex: 13    Spells: 4/4 levels left

rFire   . . .        r - +3 halberd (vamp)
rCold   . . .        (shield currently unavailable)
rNeg    . . .        b - +0 scale mail
rPois   .            i - +0 helmet
rElec   .            (no cloak)
rCorr   .            (no gloves)
SInv    .            (no boots)
Will    .....        (no amulet) Stlth
                     q - ring of magical power
HPRegen 0.27/turn    (no ring)
MPRegen 0.14/turn

%: no passive effects
@: no status effects
A: no striking features
a: Renounce Religion


You were on level 4 of the Dungeon.
You worshipped Okawaru.
Okawaru was noncommittal.
You visited 2 branches of the dungeon, and saw 5 of its levels.

You collected 183 gold pieces.

Inventory:

Hand Weapons
 a - a +0 war axe
 e - a +2 vampiric dagger
 r - a +3 vampiric halberd (weapon)
Missiles
 c - 10 stones (quivered)
 k - 3 boomerangs
 u - 5 poisoned darts
Armour
 b - a +0 scale mail (worn)
 h - a +0 tower shield
 i - a +0 helmet (worn)
Jewellery
 q - a ring of magical power (left hand)
Scrolls
 f - a scroll of fog {unknown}
 l - a scroll of identify {unknown}
 m - a scroll of teleportation {unknown}
 n - a scroll of summoning {unknown}
 o - a scroll of magic mapping {unknown}
 p - a scroll of blinking {unknown}
Potions
 d - a potion of might
 g - a potion of resistance {unknown}
 j - 3 potions of curing {unknown}
 s - a potion of flight {unknown}
 t - a potion of invisibility {unknown}


   Skills:
 + Level 3.7 Fighting
 + Level 2.6(3.1) Axes
 + Level 2.6(3.1) Polearms
 * Level 1.2 Throwing
 + Level 3.4 Armour
 + Level 0.2 Dodging
 * Level 0.6 Stealth
 + Level 3.1 Shields


You had 4 spell levels left.
You didn't know any spells.
Your spell library contained the following spells:

 Spells                   Type           Power      Damage    Failure   Level
 Frozen Ramparts          Ice            0%         1d1       99%         3
 Ice Form                 Ice/Tmut       0%         N/A       100%        4
 Summon Ice Beast         Ice/Summ       Unusable   N/A       N/A         4

Dungeon Overview and Level Annotations

Branches:
Dungeon (4/15)             Temple (1/1) D:4

Altars:
Fedhas
Gozag
Okawaru
Qazlal
Trog
Uskayaw
Wu Jian
The Shining One


Message History

The black bear claws you but does no damage.
The black bear completely misses you.
You closely miss the black bear. The black bear bites you.
The black bear completely misses you. The black bear claws you.
You barely miss the black bear. The black bear closely misses you.
The black bear claws you but does no damage. x2
The black bear bites you but does no damage.
The black bear claws you but does no damage.
The black bear claws you.
You hit the black bear.
The black bear is lightly wounded.
The black bear bites you. The black bear closely misses you.
The black bear barely misses you.
You barely miss the black bear.
The black bear is lightly wounded.
The black bear bites you.
* * * LOW HITPOINT WARNING * * *
The black bear claws you.
* * * LOW HITPOINT WARNING * * *
The black bear barely misses you.
You barely miss the black bear.
The black bear is lightly wounded.
The black bear bites you but does no damage.
The black bear claws you but does no damage.
The black bear closely misses you. The black bear bites you.
* * * LOW HITPOINT WARNING * * *
The black bear barely misses you. The black bear closely misses you.
You hit the black bear.
You feel better.
The black bear is lightly wounded.
The black bear bites you.
* * * LOW HITPOINT WARNING * * *
The black bear claws you but does no damage. x2
You barely miss the black bear.
The black bear is lightly wounded.
The black bear bites you but does no damage.
The black bear barely misses you. The black bear closely misses you.
The black bear bites you.
* * * LOW HITPOINT WARNING * * *
The black bear claws you.
You die...

.........##.####.#?
###..##...##........
#.................
###..##.#...)##.#.#.
#.................
#.###.#.##.##.#.#
#.# #.#.##.# #.#
#.#.##.# #@#
###.##.##.##.#
.....)h##
#.##.##.##.. .......
####........ .......
#.##.#.#. .......
#........ ##+##..
#.##.#... #..
#.##..... #./
##.##.#...
#.........


You could see a black bear.

Vanquished Creatures
  5 adders
  An ufetubus (D:4)
  3 worms
  6 orcs
  4 bats
  9 endoplasms
  A giant cockroach (D:1)
  12 goblins
  6 hobgoblins
  11 jackals
  3 kobolds
  6 ball pythons
  3 frilled lizards
  4 rats
74 creatures vanquished.

Notes
Turn   | Place    | Note
-------+----------+-------------------------------------------
     0 | D:1      | Kazon the Human Fighter began the quest for the Orb.
     0 | D:1      | Reached XP level 1. HP: 18/18 MP: 1/1
    54 | D:1      | Identified a scroll of acquirement
    54 | D:1      | Acquired a +3 vampiric halberd
    73 | D:1      | Reached XP level 2. HP: 20/24 MP: 2/2
   164 | D:1      | Reached XP level 3. HP: 27/29 MP: 3/3
   862 | D:2      | Reached skill level 1 in Polearms
   890 | D:2      | Reached XP level 4. HP: 35/35 MP: 4/4
  1355 | D:2      | Reached skill level 1 in Throwing
  1373 | D:2      | Reached XP level 5. HP: 38/41 MP: 5/5
  1572 | D:3      | Found a blossoming altar of Fedhas.
  1716 | D:3      | Found a stormy altar of Qazlal.
  1848 | D:3      | Found a faded altar of an unknown god.
  1878 | D:3      | Identified the +2 sling "Qeuhanocyt" {speed, rElec Str-3
                  | Dex+2}
  2082 | D:4      | Found a staircase to the Ecumenical Temple.
  2097 | Temple   | Entered the Ecumenical Temple
  2111 | Temple   | Became a worshipper of Warmaster Okawaru
  2162 | D:4      | Noticed a black bear
  2182 | D:4      | HP: 2/42 [black bear (3)]
  2182 | D:4      | Slain by a black bear

Illustrated notes

Levels and vault maps discovered:
D:1:      ebering_trefoil_3fold, layout_basic, st_stairs_14, serial_bayou_ford_a
D:2:      layout_basic, hangedman_decor_growths, minmay_close_crescents
D:3:      layout_rooms, mainiacjoe_overflow_concentric_impassable,
          mainiacjoe_overflow_paths, shapermc_ecumenical_altar_acropolis,
          chequers_serial_rivers_micro_b
D:4:      layout_basic, riverfiend_overflow_shadow_ancestor,
          minmay_temple_entry_glass, uniq_sigmund
Temple:   nicolae_temple_elliptical

Skill      XL: |  1  2  3  4  5 |
---------------+----------------+-----
Polearms       | 1 2 |  2.6
Throwing       | 1 |  1.2
Fighting       | |  3.7
Axes           | |  2.6
Armour         | |  3.4
Dodging        | |  0.2
Stealth        | |  0.6
Shields        | |  3.1

Action                     |  1- 3 |  4- 6 || total
---------------------------+-------+-------++-------
  Melee: War axe           |    28 |       ||    28
         Halberd           |    71 |   123 ||   194
  Throw: Stone             |       |     6 ||     6
    Use: Scroll            |     2 |       ||     2
         Potion            |     1 |       ||     1
 Armour: Scale mail        |    55 |    71 ||   126
  Dodge: Dodged            |    34 |    72 ||   106
  Block: Buckler           |    12 |       ||    12
